[Event "Titled Tuesday Blitz May 16 Late 2023"]
[White "Bouget, Alexandre"]
[Black "Winkels, Marcel"]
[WhiteFideId "681318"]
[BlackFideId "1003887"]
[WhiteElo "2189"]
[BlackElo "1900"]
[Result "1-0"]
[Round "02"]
[TimeControl "180+2"]
[Date "2023.05.16"]
[WhiteClock "0:00:20"]
[BlackClock "0:00:00"]

1. Nc3 Nf6 2. e4 d6 3. d4 Nbd7 4. f4 e5 5. fxe5 dxe5 6. Nf3 Bd6 7. Bg5 h6 8. Bh4 Qe7 9. Nd5 Qd8 10. Nxf6+ gxf6 11. c3 c6 12. Bd3 Qc7 13. O-O Rg8 14. Qe2 Rg6 15. Rad1 b6 16. Bg3 Bb7 17. Nh4 Rg8 18. Nf5 Bf8 19. Bc4 b5 20. Bb3 Nb6 21. Qh5 Nc4 22. Bxc4 bxc4 23. dxe5 fxe5 24. Bxe5 Qb6+ 25. Bd4 Qc7 26. Be5 Qb6+ 27. Kh1 Bc5 28. Nd6+ 1-0


[Site "https://www.chess.com"]

[Event "Titled Tuesday Blitz May 16 Late 2023"]
[White "Sailer, Mike"]
[Black "Wizard_of_Odds"]
[WhiteFideId "2012901"]
[WhiteElo "2109"]
[BlackElo "2440"]
[Result "0-1"]
[Round "02"]
[TimeControl "180+2"]
[Date "2023.05.16"]
[WhiteClock "0:00:00"]
[BlackClock "0:00:03"]

1. d4 d5 2. Bg5 f6 3. Bh4 c5 4. e3 Nc6 5. Nc3 e6 6. Nf3 Nh6 7. Bb5 Bd7 8. a3 Nf5 9. Bg3 cxd4 10. exd4 Qb6 11. O-O Nfxd4 12. Nxd4 Nxd4 13. Bxd7+ Kxd7 14. Na4 Qc6 15. Qxd4 b5 16. Nc3 Bc5 17. Qg4 g6 18. Rfe1 Rae8 19. Rad1 f5 20. Qe2 a6 21. Be5 Rhf8 22. Na2 Qb6 23. Nb4 Kc8 24. Nd3 Be7 25. Qe3 Qxe3 26. Rxe3 Kd7 27. c3 g5 28. f3 Rg8 29. Kf1 Rg6 30. Bd4 Bd6 31. Ne5+ Bxe5 32. Bxe5 Rh6 33. Kg1 Rg6 34. a4 Kc6 35. axb5+ Kxb5 36. Rd4 Rc8 37. Rb4+ Kc6 38. Re1 Rgg8 39. Ra1 Ra8 40. Ra5 Rgc8 41. Bd4 Kd7 42. Rc5 Rxc5 43. Bxc5 Kc6 44. Bd4 Kc7 45. Be5+ Kc6 46. Kf2 h5 47. Ke3 a5 48. Rb3 Ra7 49. Kd4 Rf7 50. Rb8 f4 51. Rh8 g4 52. Rxh5 gxf3 53. gxf3 Rf8 54. Rh4 Rg8 55. Rg4 Ra8 56. Rxf4 Ra7 57. Rf8 Rh7 58. Rc8+ Kb7 59. Re8 Rf7 0-1


[Site "https://www.chess.com"]

[Event "Titled Tuesday Blitz May 16 Late 2023"]
[White "KSho99"]
[Black "Prydun, Andriy"]
[BlackFideId "14145898"]
[WhiteElo "2156"]
[BlackElo "2164"]
[Result "0-1"]
[Round "02"]
[TimeControl "180+2"]
[Date "2023.05.16"]
[WhiteClock "0:00:00"]
[BlackClock "0:00:02"]

1. Nf3 d5 2. e3 Nf6 3. b3 e6 4. Bb2 Be7 5. d4 O-O 6. Bd3 Nfd7 7. O-O Bf6 8. c4 dxc4 9. bxc4 c5 10. Qc2 h6 11. Nc3 cxd4 12. exd4 Nc6 13. Ne4 Nb4 14. Nxf6+ Nxf6 15. Qc3 Nxd3 16. Qxd3 b6 17. Rad1 Bb7 18. Ne5 Rc8 19. Rfe1 Rc7 20. Qg3 Qc8 21. d5 exd5 22. Nd7 Nh5 23. Nf6+ Nxf6 24. Bxf6 g6 25. Qf4 Kh7 26. Re3 Rxc4 27. Bd4 Qf5 28. Qh4 Qc2 29. Red3 Re8 30. h3 Rc6 0-1


[Site "https://www.chess.com"]

[Event "Titled Tuesday Blitz May 16 Late 2023"]
[White "Martin Barcelo, Carles"]
[Black "Florianovitz, Derlei Alex"]
[WhiteFideId "24561444"]
[BlackFideId "2114178"]
[WhiteElo "2089"]
[BlackElo "1953"]
[Result "0-1"]
[Round "02"]
[TimeControl "180+2"]
[Date "2023.05.16"]
[WhiteClock "0:00:00"]
[BlackClock "0:00:04"]

1. Nf3 c5 2. g3 Nc6 3. Bg2 g6 4. O-O Bg7 5. c3 e5 6. e4 Nge7 7. Na3 O-O 8. Nc4 d6 9. d3 b5 10. Ne3 h6 11. Nd5 Be6 12. Ne1 Rb8 13. Nc2 f5 14. Nce3 f4 15. Nxe7+ Nxe7 16. Nd5 Nxd5 17. exd5 Bd7 18. Be4 Bh3 19. Re1 Qf6 20. Qe2 g5 21. f3 fxg3 22. hxg3 Bf5 23. Bd2 a5 24. Kg2 b4 25. c4 Rb7 26. Rh1 Rbf7 27. Raf1 Qd8 28. Bc1 a4 29. Qd1 Qa5 30. Qe1 Bxe4 31. fxe4 Qc7 32. g4 Rxf1 33. Rxf1 Rxf1 34. Qxf1 Qf7 35. Qd1 Qd7 36. Qf3 Kh7 37. Kg3 Kg6 38. Qd1 Bf6 39. Be3 Bd8 40. Kg2 Ba5 41. Qf3 Qf7 42. Qd1 Qd7 43. b3 a3 44. Qf3 Qf7 45. Qh3 Bd8 46. Qh5+ Kg7 47. Qh1 Be7 48. Qe1 Bd8 49. Qe2 Bb6 50. Bc1 Qf6 51. Bd2 Qf7 52. Be1 Qf6 53. Bg3 Qf7 54. Qe1 Qf6 55. Bh2 Bc7 56. Qe2 Qf7 57. Bg3 Qf6 58. Qd1 Qf7 59. Qe1 Qf6 60. Qe3 Qf7 61. Qe2 Qf6 62. Qe1 Qf7 63. d4 cxd4 64. Qxb4 Qd7 65. Kf3 Qf7+ 66. Kg2 Qd7 67. Qb7 Kg6 68. c5 dxc5 69. Bxe5 Qxg4+ 70. Kf1 Bxe5 71. Qc6+ Kh5 72. Qe8+ Kh4 73. d6 Qf4+ 74. Ke2 Bxd6 75. Qg6 h5 76. Qe6 Qe3+ 77. Kd1 Bf4 0-1


[Site "https://www.chess.com"]

[Event "Titled Tuesday Blitz May 16 Late 2023"]
[White "Ziatdinov, Raset"]
[Black "Lopez Perdomo, Juan David"]
[WhiteFideId "2015323"]
[BlackFideId "4405137"]
[WhiteElo "2220"]
[BlackElo "1965"]
[Result "0-1"]
[Round "02"]
[TimeControl "180+2"]
[Date "2023.05.16"]
[WhiteClock "0:00:13"]
[BlackClock "0:00:19"]

1. e4 e6 2. d4 d5 3. Nc3 Bb4 4. exd5 exd5 5. Bd3 Nf6 6. Ne2 O-O 7. O-O Bg4 8. f3 Bh5 9. Nf4 Bg6 10. Nxg6 hxg6 11. Bg5 c6 12. a3 Bd6 13. Re1 Nbd7 14. Qd2 Qc7 15. g3 Rfe8 16. Kg2 Nh7 17. Bh4 Ndf6 18. f4 Qd7 19. Rxe8+ Rxe8 20. Re1 Ng4 21. h3 Ngf6 22. b4 a5 23. Na4 axb4 24. axb4 Ne4 25. Bxe4 dxe4 26. Nc5 Bxc5 27. bxc5 Qe6 28. Re3 f5 29. Qb4 Qd7 30. Kf2 Nf8 31. Rb3 Ne6 32. c3 Rb8 33. Qb6 Nc7 34. Qb4 Nd5 35. Qc4 e3+ 36. Ke2 Qe6 37. Qd3 Nxf4+ 38. gxf4 Qxb3 39. Qxe3 Qf7 40. Qe5 Re8 0-1


[Site "https://www.chess.com"]

[Event "Titled Tuesday Blitz May 16 Late 2023"]
[White "Horokoskii"]
[Black "Balague Camps, Marc"]
[BlackFideId "2297914"]
[WhiteElo "2147"]
[BlackElo "2089"]
[Result "1/2-1/2"]
[Round "02"]
[TimeControl "180+2"]
[Date "2023.05.16"]
[WhiteClock "0:00:05"]
[BlackClock "0:00:09"]

1. d4 Nf6 2. c4 e6 3. Nf3 Bb4+ 4. Bd2 a5 5. a3 Bxd2+ 6. Nbxd2 d5 7. g3 O-O 8. Bg2 Nc6 9. Rc1 a4 10. O-O Bd7 11. Qc2 Na5 12. Ne5 Bc6 13. Nxc6 Nxc6 14. Nf3 Qd6 15. Rfd1 Rfc8 16. h4 Ne4 17. Nd2 Nf6 18. Nf3 Ra5 19. cxd5 exd5 20. Qf5 Qe6 21. Qxe6 fxe6 22. Ng5 Nd8 23. Rc3 h6 24. Nh3 Nf7 25. Nf4 Ra6 26. Rdc1 Ne8 27. Bh3 Nd8 28. e4 g5 29. hxg5 hxg5 30. Nxe6 Nxe6 31. exd5 N8g7 32. dxe6 c6 33. Re3 Re8 34. Re5 Rb6 35. Rc2 Rb5 36. Rxb5 cxb5 37. d5 Rd8 38. e7 Rd6 39. Rc8+ Kf7 40. Be6+ Kxe7 41. Bg8 Nf5 42. Rb8 b6 43. Rb7+ Kf6 44. Be6 Ne7 45. Kg2 g4 46. Bxg4 Nxd5 47. Bf3 Ne7 48. Rc7 Ke5 49. Rc1 Nf5 50. Re1+ Kf6 51. Rc1 Nd4 52. Rc8 Nb3 53. Rf8+ Ke7 54. Rb8 Nc5 55. Ra8 Nd3 56. Ra7+ Kf6 57. Ra8 Nxb2 58. Rf8+ Ke7 59. Rf5 b4 60. axb4 a3 61. Re5+ Kf6 62. Re1 Nd3 63. Ra1 Rd4 64. Rxa3 Ke5 65. b5 Kd6 66. Bc6 Kc5 67. Ra8 Ne1+ 68. Kf1 Nd3 69. Rh8 Ne5 70. Rh5 Kd6 71. Rh6+ Kc5 72. Rh5 Kd6 73. Rh6+ Kc5 74. Rh5 1/2-1/2


[Site "https://www.chess.com"]

[Event "Titled Tuesday Blitz May 16 Late 2023"]
[White "Yeritsyan, Hayk"]
[Black "Djordjevic, Dejan N"]
[WhiteFideId "13307320"]
[BlackFideId "913316"]
[WhiteElo "2433"]
[BlackElo "2261"]
[Result "1-0"]
[Round "02"]
[TimeControl "180+2"]
[Date "2023.05.16"]
[WhiteClock "0:01:32"]
[BlackClock "0:00:13"]

1. d4 Nf6 2. Nf3 g6 3. Bf4 Bg7 4. h3 d6 5. e3 O-O 6. c3 Nc6 7. Be2 a6 8. O-O Re8 9. Na3 Bd7 10. Bh2 e5 11. Nc4 e4 12. Nfd2 b5 13. Na3 Rb8 14. Nc2 Qe7 15. a4 Nd8 16. axb5 axb5 17. Qb1 Kh8 18. Qa2 Ng8 19. Rfc1 f5 20. b3 Nf6 21. c4 Nf7 22. Rcb1 Rb7 23. Nb4 c5 24. Nc2 b4 25. Qa6 Bc8 26. Qc6 Rc7 27. Qb6 Rb7 28. Qa5 Nd7 29. Rd1 Ng5 30. Nf1 Ne6 31. Rab1 g5 32. dxc5 dxc5 33. Ng3 Qf7 34. Bh5 Qf8 35. Bxe8 Qxe8 36. Nxf5 Bc3 37. Nd6 1-0


[Site "https://www.chess.com"]

[Event "Titled Tuesday Blitz May 16 Late 2023"]
[White "Qiao, Cindy"]
[Black "ritanovikova"]
[WhiteFideId "2620243"]
[WhiteElo "1777"]
[BlackElo "2125"]
[Result "0-1"]
[Round "02"]
[TimeControl "180+2"]
[Date "2023.05.16"]
[WhiteClock "0:00:09"]
[BlackClock "0:00:08"]

1. d4 d5 2. Bf4 e6 3. e3 Bd6 4. Bxd6 Qxd6 5. Qg4 g6 6. c3 Nf6 7. Qd1 c5 8. Nf3 Nc6 9. Nbd2 O-O 10. Bd3 e5 11. dxe5 Nxe5 12. Nxe5 Qxe5 13. Nf3 Qh5 14. Be2 Bg4 15. O-O Rad8 16. Qa4 a6 17. Rad1 Qf5 18. h3 Bxf3 19. Bxf3 Qc8 20. Qf4 Kg7 21. Rd2 b5 22. Rfd1 Qe6 23. a3 Rd7 24. e4 dxe4 25. Rxd7 Nxd7 26. Bxe4 Nf6 27. Bf3 a5 28. Kh2 Qe7 29. Qd2 Qc7+ 30. Kg1 Rb8 31. Re1 h6 32. Re3 Rd8 33. Qe2 Rd7 34. Qxb5 Nd5 35. Bxd5 Rxd5 36. Qe2 Qd6 37. g3 h5 38. Kg2 h4 39. Qg4 hxg3 40. fxg3 Rd2+ 41. Re2 Qc6+ 42. Kf2 Rd6 43. Qe4 Rf6+ 44. Kg2 Qb6 45. Qe5 Kh7 46. h4 Re6 47. Qxe6 fxe6 48. Rd2 Qc6+ 49. Kh2 c4 50. Re2 Kg7 51. Rf2 e5 52. Kh3 e4 53. Re2 Qd5 54. Rf2 e3 55. Re2 Qd3 0-1


[Site "https://www.chess.com"]

[Event "Titled Tuesday Blitz May 16 Late 2023"]
[White "Chessadiction1990"]
[Black "Kaplan, Avi Harrison"]
[BlackFideId "30934559"]
[WhiteElo "2122"]
[BlackElo "1983"]
[Result "0-1"]
[Round "02"]
[TimeControl "180+2"]
[Date "2023.05.16"]
[WhiteClock "0:00:00"]
[BlackClock "0:00:16"]

1. d4 Nf6 2. c4 g6 3. h4 Bg7 4. Nc3 O-O 5. e4 d6 6. Be2 c5 7. d5 e6 8. Nf3 exd5 9. exd5 Re8 10. Kf1 Bg4 11. Bf4 Nbd7 12. Bxd6 Qb6 13. Nb5 Rac8 14. a4 Ne4 15. a5 Qd8 16. Bf4 a6 17. Nd6 Nxd6 18. Bxd6 Nf6 19. Bf4 Ne4 20. Qc2 Qf6 21. Bg5 Qxb2 22. Qxb2 Bxb2 23. Rb1 Bf6 24. Bxf6 Bxf3 25. Bxf3 Nd2+ 26. Kg1 Nxb1 27. Kh2 Nd2 28. Bg4 Rb8 29. d6 Nxc4 30. d7 Red8 31. Bxd8 Rxd8 32. Rc1 Nxa5 33. Rxc5 Nc6 34. h5 Kf8 35. hxg6 hxg6 36. Kg3 f5 37. Bf3 Rxd7 38. Bxc6 Rc7 0-1


[Site "https://www.chess.com"]

[Event "Titled Tuesday Blitz May 16 Late 2023"]
[White "Rangel, Daniel"]
[Black "Kev4444444444"]
[WhiteFideId "2124475"]
[WhiteElo "2256"]
[BlackElo "2104"]
[Result "0-1"]
[Round "02"]
[TimeControl "180+2"]
[Date "2023.05.16"]
[WhiteClock "0:00:06"]
[BlackClock "0:00:17"]

1. c4 c6 2. g3 d5 3. Bg2 Nf6 4. Nf3 dxc4 5. a4 g6 6. O-O Bg7 7. Na3 Be6 8. Ng5 Bd5 9. e4 h6 10. exd5 hxg5 11. dxc6 Nxc6 12. Nxc4 Qd4 13. d3 Rd8 14. Qb3 Qd7 15. Bxg5 Nd4 16. Qa2 Ng4 17. h4 Ne2+ 18. Kh1 Bd4 19. b3 Nc3 20. Qc2 Nd5 21. Rae1 f6 22. Bc1 g5 23. Kg1 gxh4 24. Be4 hxg3 25. Kg2 gxf2 26. Rd1 Qc7 27. Rh1 Rh2+ 28. Kf3 Rxh1 29. Rxh1 Nh2+ 30. Kg2 f1=Q+ 31. Rxf1 Nxf1 32. Kxf1 Qg3 33. Qe2 Nf4 34. Qf3 Qg1# 0-1


[Site "https://www.chess.com"]

[Event "Titled Tuesday Blitz May 16 Late 2023"]
[White "Lozano Ramirez, Nestor Favian"]
[Black "Torres Dominguez, David"]
[WhiteFideId "4412672"]
[BlackFideId "2220857"]
[WhiteElo "2254"]
[BlackElo "1999"]
[Result "1-0"]
[Round "02"]
[TimeControl "180+2"]
[Date "2023.05.16"]
[WhiteClock "0:01:24"]
[BlackClock "0:00:30"]

1. c4 e5 2. g3 Nc6 3. Nc3 f5 4. Nf3 Nf6 5. d4 e4 6. Nh4 g6 7. Bg5 Bg7 8. e3 O-O 9. Nd5 Ne7 10. Nxf6+ Bxf6 11. Bxf6 Rxf6 12. Ng2 d6 13. Nf4 c6 14. h4 Qe8 15. Qb3 c5 16. O-O-O Rb8 17. Be2 a6 18. dxc5 dxc5 19. Rd2 Nc6 20. Rd5 b6 21. Rhd1 Be6 22. Rd6 Na5 23. Qc3 Qe7 24. Nd5 Bxd5 25. Rxf6 Bf7 26. Rfd6 Nb7 27. Rd7 Qe6 28. h5 gxh5 29. Bxh5 1-0


[Site "https://www.chess.com"]

[Event "Titled Tuesday Blitz May 16 Late 2023"]
[White "Martinez, Ayelen"]
[Black "reevecanada"]
[WhiteFideId "118702"]
[WhiteElo "2125"]
[BlackElo "2411"]
[Result "0-1"]
[Round "02"]
[TimeControl "180+2"]
[Date "2023.05.16"]
[WhiteClock "0:00:04"]
[BlackClock "0:01:03"]

1. e4 c5 2. Nf3 d6 3. d4 cxd4 4. Nxd4 Nf6 5. Nc3 a6 6. Bg5 e6 7. f4 Be7 8. Qf3 h6 9. Bh4 Qc7 10. O-O-O Nbd7 11. Bd3 b5 12. Bxb5 axb5 13. Ndxb5 Qc6 14. e5 d5 15. exf6 Nxf6 16. f5 O-O 17. fxe6 fxe6 18. Nd4 Qb6 19. Qg3 Rb8 20. Nb3 Bd6 21. Qg6 Bd7 22. Rhf1 Be8 23. Qd3 Bh5 24. Rde1 Ng4 25. h3 Ne5 26. Qd2 Nc4 27. Qd3 Bf4+ 28. Kb1 Nd2+ 29. Ka1 Nxf1 30. Rxf1 Be5 31. Re1 Bxc3 32. Qxc3 Rfc8 33. Qd2 Bg6 34. c3 Qxb3 35. Rxe6 Ra8 36. a3 Rxa3+ 37. bxa3 Qxa3+ 0-1


[Site "https://www.chess.com"]

[Event "Titled Tuesday Blitz May 16 Late 2023"]
[White "Levine, David"]
[Black "Gasparyan, David"]
[WhiteFideId "2011611"]
[BlackFideId "13311980"]
[WhiteElo "2061"]
[BlackElo "2409"]
[Result "0-1"]
[Round "02"]
[TimeControl "180+2"]
[Date "2023.05.16"]
[WhiteClock "0:00:00"]
[BlackClock "0:00:33"]

1. d4 Nf6 2. c4 e6 3. g3 d5 4. Bg2 c6 5. Nf3 Bd6 6. Qc2 O-O 7. O-O Nbd7 8. Nbd2 b6 9. e4 dxe4 10. Nxe4 Nxe4 11. Qxe4 Ba6 12. b3 Rc8 13. Bb2 Nf6 14. Qh4 Be7 15. Qf4 b5 16. Ne5 bxc4 17. Nxc4 Nd5 18. Qg4 Bf6 19. Rad1 c5 20. Rfe1 cxd4 21. Bxd4 Bxc4 22. bxc4 Rxc4 23. Bxf6 Rxg4 24. Bxd8 Rxd8 25. f4 h6 26. Re5 Rg6 27. Bxd5 exd5 28. Rexd5 Rxd5 29. Rxd5 Ra6 30. Rd2 f5 31. Kf2 Ra3 32. Ke2 Kf7 33. Kd1 Ke6 34. Kc1 g5 35. fxg5 hxg5 36. Kb2 Re3 37. Rc2 f4 38. gxf4 gxf4 39. a4 f3 40. h4 Re2 41. h5 Rxc2+ 42. Kxc2 f2 0-1


[Site "https://www.chess.com"]

[Event "Titled Tuesday Blitz May 16 Late 2023"]
[White "karpovian123"]
[Black "Stead, Kerry"]
[BlackFideId "3202577"]
[WhiteElo "2409"]
[BlackElo "1997"]
[Result "1-0"]
[Round "02"]
[TimeControl "180+2"]
[Date "2023.05.16"]
[WhiteClock "0:02:20"]
[BlackClock "0:00:00"]

1. d4 Nf6 2. Nf3 c5 3. d5 d6 4. c4 g6 5. Nc3 Bg7 6. e4 O-O 7. Bd3 Bg4 8. O-O Na6 9. h3 Bd7 10. Bf4 Nc7 11. e5 Nfe8 12. Ne4 dxe5 13. Nxe5 b6 14. Qf3 Bf5 15. Nc6 Qd7 16. g4 Bxe4 17. Bxe4 Nd6 18. Bd3 Bxb2 19. Rae1 Rfe8 20. Qg3 b5 21. Nxe7+ Rxe7 22. Rxe7 Qxe7 23. Bxd6 Qf6 24. Bxc7 bxc4 25. Bxc4 Bd4 26. Qf4 1-0


[Site "https://www.chess.com"]

[Event "Titled Tuesday Blitz May 16 Late 2023"]
[White "Malicka, Maria"]
[Black "Manu_ChessExcelsior"]
[WhiteFideId "1197576"]
[WhiteElo "2227"]
[BlackElo "2059"]
[Result "1-0"]
[Round "02"]
[TimeControl "180+2"]
[Date "2023.05.16"]
[WhiteClock "0:01:50"]
[BlackClock "0:00:43"]

1. e4 e5 2. Nf3 Nc6 3. Bb5 a6 4. Ba4 Nf6 5. c3 Be7 6. O-O b5 7. Bc2 O-O 8. d4 d6 9. Nbd2 h6 10. Re1 Re8 11. Nf1 Bf8 12. Ng3 Nb8 13. dxe5 dxe5 14. Qxd8 Rxd8 15. Nxe5 Bb7 16. f3 Bd6 17. Nd3 Nbd7 18. e5 Nc5 19. exd6 Nxd3 20. Bxd3 Rxd6 21. Bc2 Rad8 22. Bf4 R6d7 23. Nf5 Nd5 24. Be5 f6 25. Bd4 Kf7 26. Bb3 Kg6 27. Ne3 Nf4 28. g3 Nh3+ 29. Kg2 Ng5 30. Bc2+ Kf7 31. Be4 Nxe4 32. fxe4 Bxe4+ 33. Kf2 c5 34. Bxc5 Rd2+ 35. Re2 R2d7 36. Bd4 b4 37. Rae1 Bd3 38. Rd2 Bc4 39. Nxc4 bxc3 40. bxc3 1-0


[Site "https://www.chess.com"]

[Event "Titled Tuesday Blitz May 16 Late 2023"]
[White "Mazurkiewicz, Michal"]
[Black "Joubert, Dantelle"]
[WhiteFideId "1124943"]
[BlackFideId "14310813"]
[WhiteElo "2054"]
[BlackElo "1507"]
[Result "1-0"]
[Round "02"]
[TimeControl "180+2"]
[Date "2023.05.16"]
[WhiteClock "0:01:00"]
[BlackClock "0:00:37"]

1. e4 c5 2. Nf3 d6 3. g3 Nc6 4. Bg2 Nf6 5. d3 g6 6. O-O Bg7 7. Re1 O-O 8. e5 Nd5 9. exd6 exd6 10. Nbd2 Bg4 11. h3 Be6 12. Nc4 h6 13. a4 Qd7 14. c3 Bxh3 15. Bxh3 Qxh3 16. Nxd6 b6 17. Nc4 Rad8 18. Nfe5 Nxe5 19. Nxe5 Rfe8 20. Nc6 Rc8 21. Nxa7 Rcd8 22. Bd2 Nf6 23. Qf3 Ng4 24. Qg2 Qxg2+ 25. Kxg2 Rxe1 26. Bxe1 Rxd3 27. Nc8 Be5 28. Nxb6 Bc7 29. a5 Rd6 30. Nc4 Ra6 31. b4 cxb4 32. cxb4 Ne5 33. Nxe5 Bxe5 34. Ra2 Kg7 35. b5 Ra8 36. a6 Bd4 37. Bd2 Rb8 38. Be3 1-0


[Site "https://www.chess.com"]

[Event "Titled Tuesday Blitz May 16 Late 2023"]
[White "Curtis, John"]
[Black "Szyszylo, Rafal"]
[WhiteFideId "3200256"]
[BlackFideId "1109626"]
[WhiteElo "2203"]
[BlackElo "1951"]
[Result "1-0"]
[Round "02"]
[TimeControl "180+2"]
[Date "2023.05.16"]
[WhiteClock "0:00:38"]
[BlackClock "0:00:00"]

1. d4 d6 2. Nf3 g6 3. c4 Nf6 4. Nc3 Bg7 5. g3 O-O 6. Bg2 c6 7. O-O Qb6 8. b3 Bg4 9. Bb2 Nfd7 10. e3 e5 11. h3 Bxf3 12. Bxf3 exd4 13. Na4 Qc7 14. Bxd4 Ne5 15. Bg2 Na6 16. Qd2 b6 17. Rac1 Rad8 18. Rfd1 f6 19. Qe2 Nc5 20. Nc3 Ne6 21. f4 Nxd4 22. exd4 Nf7 23. Qf3 Rc8 24. d5 c5 25. Nb5 Qd7 26. Qg4 f5 27. Qf3 a6 28. Nc3 b5 29. Bf1 bxc4 30. Bxc4 Ra8 31. Na4 Bd4+ 32. Kg2 Ra7 33. Re1 Re8 34. Re6 Nd8 35. Rxe8+ Qxe8 36. Rc2 Qe1 37. Bf1 Re7 38. Re2 Rxe2+ 39. Qxe2 Qxe2+ 40. Bxe2 a5 41. Nb6 Kf7 42. Nc8 Nb7 43. Ba6 Nd8 44. Nxd6+ Ke7 45. Nc4 Nf7 46. Nxa5 Nd6 47. Bc4 Kd7 48. Nc6 Bc3 49. Ne5+ Kc7 50. Kf3 Kb6 51. g4 Ka5 52. Be2 Kb4 53. Bd3 Ka3 54. Nc4+ Nxc4 55. Bxc4 Kxa2 56. b4+ Ka3 57. bxc5 Bb4 58. c6 Bd6 59. gxf5 gxf5 60. Bd3 Kb4 61. Bxf5 h6 62. Be6 Kc4 63. f5 Kd4 64. f6 Ke5 65. f7 Kf6 66. c7 Bxc7 67. f8=Q+ Ke5 68. Qg7+ Kd6 69. Qd7+ Ke5 70. Qxc7+ Kd4 71. Qf4+ Kc5 72. Qxh6 Kd4 73. Qf4+ 1-0


[Site "https://www.chess.com"]

[Event "Titled Tuesday Blitz May 16 Late 2023"]
[White "Milovic, Aleksandra"]
[Black "D`Arruda, Ricardo D."]
[WhiteFideId "933988"]
[BlackFideId "100692"]
[WhiteElo "2000"]
[BlackElo "2402"]
[Result "0-1"]
[Round "02"]
[TimeControl "180+2"]
[Date "2023.05.16"]
[WhiteClock "0:00:14"]
[BlackClock "0:01:52"]

1. e4 c5 2. Nf3 Nc6 3. d4 cxd4 4. Nxd4 e5 5. Nb5 a6 6. Nd6+ Bxd6 7. Qxd6 Qe7 8. Qxe7+ Ngxe7 9. Nc3 Nb4 10. Bd3 d5 11. exd5 Bf5 12. Bxf5 Nxf5 13. O-O O-O-O 14. Rd1 Nxc2 15. Rb1 Kb8 16. Ne4 f6 17. f4 Nce3 18. Bxe3 Nxe3 19. Rd3 exf4 20. d6 Rhe8 21. Nc3 Nc4 22. Rd4 b5 23. b3 Rxd6 24. Rxf4 Ne3 25. Re1 Rde6 26. Rf3 Ng4 27. Rxe6 Rxe6 28. h3 Re1+ 29. Rf1 Rxf1+ 30. Kxf1 Ne5 31. Ke2 Kc7 32. Ne4 Kc6 33. g4 Kd5 34. Ke3 Nd7 35. Nc3+ Ke5 36. a4 b4 37. Na2 a5 38. Nc1 Nc5 39. h4 g6 40. h5 f5 41. hxg6 hxg6 42. gxf5 gxf5 43. Kf3 Kd4 44. Ne2+ Ke5 45. Nc1 f4 46. Kf2 Ke4 47. Ke2 f3+ 48. Kf2 Kf4 49. Kf1 Ke3 50. Ke1 Ne4 51. Na2 f2+ 52. Kf1 Nd2+ 53. Kg2 f1=Q+ 54. Kg3 Qf4+ 55. Kg2 Qg4+ 56. Kh1 Kf2 57. Kh2 Qh4# 0-1


[Site "https://www.chess.com"]

[Event "Titled Tuesday Blitz May 16 Late 2023"]
[White "Bogaudinov, Rushan"]
[Black "dorpato"]
[WhiteFideId "4129288"]
[WhiteElo "1941"]
[BlackElo "1994"]
[Result "0-1"]
[Round "02"]
[TimeControl "180+2"]
[Date "2023.05.16"]
[WhiteClock "0:00:11"]
[BlackClock "0:00:12"]

1. d4 Nf6 2. Nf3 g6 3. g3 Bg7 4. Bg2 d5 5. O-O O-O 6. Nbd2 Nbd7 7. c4 c6 8. b3 b6 9. Bb2 Bb7 10. Rc1 c5 11. cxd5 Nxd5 12. e4 Nb4 13. Ne1 cxd4 14. a3 Nc6 15. f4 e5 16. f5 f6 17. Nd3 Qe7 18. b4 a6 19. Qg4 Bh6 20. Rcd1 g5 21. h4 a5 22. b5 Nd8 23. Nf3 Nf7 24. Qh5 Nc5 25. hxg5 Bxg5 26. Nf2 Nxe4 27. Nxe4 Bxe4 28. Rfe1 Bxf5 29. Bxd4 Bg6 30. Qh3 Qxa3 31. Bxb6 Rab8 32. Bf2 Rxb5 33. Rd7 Rb2 34. Nh4 Bxh4 35. Qxh4 Qb4 36. Qxf6 Qb6 37. Qe7 Qxf2+ 0-1


[Site "https://www.chess.com"]

[Event "Titled Tuesday Blitz May 16 Late 2023"]
[White "Levar, Nenad"]
[Black "Arnold, Ken"]
[WhiteFideId "14504430"]
[BlackFideId "2056836"]
[WhiteElo "2095"]
[BlackElo "2400"]
[Result "1/2-1/2"]
[Round "02"]
[TimeControl "180+2"]
[Date "2023.05.16"]
[WhiteClock "0:00:05"]
[BlackClock "0:00:21"]

1. Nf3 d5 2. g3 c5 3. Bg2 Nc6 4. O-O Nf6 5. d3 Bf5 6. Nbd2 e6 7. c4 Be7 8. Nh4 Bg6 9. Nxg6 hxg6 10. cxd5 Nxd5 11. Nc4 O-O 12. b3 Bf6 13. Bb2 Nd4 14. Rb1 Rc8 15. Qd2 b5 16. Ne3 Nxe3 17. fxe3 Nf5 18. Bxf6 gxf6 19. Rbd1 Kg7 20. Be4 Qd6 21. Bxf5 exf5 22. Qc3 Rfe8 23. Rf3 Re6 24. Rdf1 Rce8 25. Qc1 a6 26. Kg2 Rh8 27. Qc3 Re5 28. e4 Rhe8 29. R1f2 Qc6 30. exf5 Rxf5 31. e4 Rxf3 32. Rxf3 Re6 33. g4 c4 34. dxc4 bxc4 35. bxc4 Qxe4 36. h3 Qe2+ 37. Rf2 Qe4+ 38. Rf3 g5 39. c5 Qe2+ 40. Kg3 Qe5+ 41. Qxe5 fxe5 42. Rc3 e4 43. Kf2 Kf6 44. c6 Re8 45. Ke3 Ke5 46. c7 Rc8 47. Rc5+ Kd6 48. Rc4 f6 49. Kxe4 a5 50. a4 Ke6 51. Rc6+ Kd7 52. Rc5 Kd6 53. Rc4 Ke6 54. Rc6+ Kd7 55. Rc4 Ke6 1/2-1/2


[Site "https://www.chess.com"]

[Event "Titled Tuesday Blitz May 16 Late 2023"]
[White "Castillo Pena, Patricia Evarista"]
[Black "Gatterer, Florian"]
[WhiteFideId "6412106"]
[BlackFideId "811688"]
[WhiteElo "1919"]
[BlackElo "2221"]
[Result "0-1"]
[Round "02"]
[TimeControl "180+2"]
[Date "2023.05.16"]
[WhiteClock "0:00:00"]
[BlackClock "0:01:03"]

1. d4 Nf6 2. Nf3 d5 3. e3 e6 4. Bd3 c5 5. b3 Nc6 6. Bb2 Bd6 7. O-O cxd4 8. exd4 O-O 9. Nbd2 Nb4 10. Be2 Ne4 11. a3 Nc6 12. Nxe4 dxe4 13. Ne5 Qc7 14. Nxc6 Bxh2+ 15. Kh1 bxc6 16. g3 Bxg3 17. fxg3 Qxg3 18. Qe1 Qh3+ 19. Kg1 f5 20. d5 cxd5 21. Rf4 Qh6 22. Qg3 a5 23. Kg2 Ba6 24. Rh1 Qg6 25. Qxg6 hxg6 26. Bxa6 Rxa6 27. Kf2 Rc6 28. c3 Rb8 29. b4 Rc4 30. Rfh4 Kf7 0-1


[Site "https://www.chess.com"]

[Event "Titled Tuesday Blitz May 16 Late 2023"]
[White "FlemingA"]
[Black "Arias Igual, Alejandro"]
[BlackFideId "2254905"]
[WhiteElo "2395"]
[BlackElo "2179"]
[Result "0-1"]
[Round "02"]
[TimeControl "180+2"]
[Date "2023.05.16"]
[WhiteClock "0:00:03"]
[BlackClock "0:00:12"]

1. Nc3 d5 2. d4 c5 3. e4 dxe4 4. d5 Nf6 5. f3 a6 6. fxe4 e6 7. Bg5 Be7 8. Nf3 O-O 9. d6 Qxd6 10. Qxd6 Bxd6 11. e5 Be7 12. exf6 gxf6 13. Be3 Nc6 14. O-O-O b5 15. Ne4 c4 16. Bc5 Bxc5 17. Nxc5 Nb4 18. a3 Nd5 19. Be2 Ra7 20. Nd4 Rc7 21. Ne4 Bb7 22. Bf3 Kg7 23. Rhe1 h6 24. Ng3 f5 25. Ndxf5+ Kf6 26. Nxh6 Rh8 27. Ng4+ Kg7 28. h3 c3 29. b3 a5 30. Ne3 Nxe3 31. Rxe3 b4 32. Bxb7 Rxb7 33. a4 Rh4 34. Re4 Rh8 35. Re5 Ra7 36. Rf1 Rh6 37. Rg5+ Rg6 38. Rxg6+ Kxg6 39. Ne4 Rd7 40. Rd1 Re7 41. g4 f5 42. Nf2 fxg4 43. Nxg4 e5 44. Re1 e4 45. Re2 Kg5 46. Nf2 Kf4 47. h4 Kf3 48. Rxe4 Rg7 49. Rg4 Rxg4 50. Nxg4 Kxg4 51. Kd1 Kxh4 52. Ke2 Kg3 53. Kd3 Kf2 54. Kc4 Ke2 55. Kb5 Kd2 56. Kxa5 Kxc2 57. Kxb4 Kb2 58. a5 c2 59. a6 c1=Q 60. Kb5 Qc8 61. b4 Qb8+ 62. Ka5 Kb3 63. b5 Kc4 64. b6 Qe5+ 65. Ka4 Qb5+ 66. Ka3 Qb3# 0-1


[Site "https://www.chess.com"]

[Event "Titled Tuesday Blitz May 16 Late 2023"]
[White "Vargas, Mauricio"]
[Black "Kalajzic, Ivan"]
[WhiteFideId "4404572"]
[BlackFideId "14506378"]
[WhiteElo "1986"]
[BlackElo "2203"]
[Result "0-1"]
[Round "02"]
[TimeControl "180+2"]
[Date "2023.05.16"]
[WhiteClock "0:00:00"]
[BlackClock "0:00:30"]

1. e4 g6 2. f4 Bg7 3. Nf3 d6 4. d4 a6 5. g3 b5 6. Bg2 Bb7 7. Nbd2 Nd7 8. O-O c5 9. d5 Ngf6 10. b3 Ng4 11. Rb1 Ne3 12. Qe1 Nxf1 13. Nxf1 O-O 14. c4 e6 15. dxe6 fxe6 16. Bh3 Qe7 17. Ng5 e5 18. Be6+ Kh8 19. f5 h6 20. Nf3 Nf6 21. Nh4 g5 22. Ng6+ Kh7 23. Nxe7 Bxe4 24. Nd5 Bxb1 25. Nxf6+ Rxf6 26. Bxg5 hxg5 27. Qxb1 bxc4 28. bxc4 Rff8 29. Qd1 Rf6 30. Qxd6 e4 31. Qd5 Rb8 32. Qxe4 Rb2 33. Qa8 Rf8 0-1


[Site "https://www.chess.com"]